 Dungeon Crawl Stone Soup version 0.26-a0-1033-gd598b01645 (webtiles) character file.

Game seed: 1653489773636200610

5105 timneilson the Blocker (level 10, -16/61 HPs)
             Began as a Gargoyle Fighter on Dec 10, 2020.
             Was a Priest of Okawaru.
             Demolished by a boulder beetle (22 damage)
             ... on level 8 of the Dungeon.
             The game lasted 00:20:08 (8570 turns).

timneilson the Blocker (Gargoyle Fighter)           Turns: 8570, Time: 00:20:09

Health: -16/61     AC: 19    Str: 24    XL:     10   Next: 57%
Magic:  12/12      EV:  7    Int:  8    God:    Okawaru [***...]
Gold:   377        SH: 17    Dex:  9    Spells: 9/9 levels left

rFire    . . .     SeeInvis .   a - +1 long sword
rCold    . . .     Faith    .   c - +1 kite shield
rNeg     + . .     Spirit   .   k - +0 chain mail
rPois    ∞         Reflect  +   (no helmet)
rElec    +         Harm     .   (no cloak)
rCorr    .         Rampage  .   q - +0 pair of gloves
Will     .....                  (no boots)
Stlth    ..........             p - amulet of reflection
HPRegen  0.20/turn              (no ring)
MPRegen  0.13/turn              (no ring)

@: brilliant
A: negative energy resistance 1, electricity resistance, unbreathing,
petrification resistance, rot immunity, AC +7
a: Heroism, Renounce Religion


You were on level 8 of the Dungeon.
You worshipped Okawaru.
Okawaru was most pleased with you.
You visited 2 branches of the dungeon, and saw 9 of its levels.

You collected 377 gold pieces.

Inventory:

Hand Weapons
 a - a +1 long sword (weapon)
Armour
 c - a +1 kite shield (worn)
 k - a +0 chain mail (worn)
 q - a +0 pair of gloves (worn)
 t - a +3 plate armour
Jewellery
 p - an amulet of reflection (around neck)
 s - an uncursed ring of ice
 x - an uncursed ring of protection from cold {unknown}
Wands
 l - a wand of flame (12)
 u - a wand of disintegration (13)
Scrolls
 f - a scroll of enchant weapon
 h - 3 scrolls of identify
 i - 4 scrolls of remove curse
 m - a scroll of enchant armour
 n - 2 scrolls of amnesia
 r - 2 scrolls of teleportation
 v - a scroll of fear {unknown}
 y - a scroll of magic mapping
Potions
 b - 2 potions of ambrosia
 d - 2 potions of mutation {unknown}
 e - 2 potions of resistance
 g - 2 potions of heal wounds {unknown}
 j - 2 potions of flight {unknown}
 o - a potion of brilliance
 w - a potion of haste
 z - 2 potions of lignification {unknown}
 A - a potion of invisibility {unknown}


   Skills:
 + Level 6.8 Fighting
 * Level 7.2 Long Blades
 * Level 9.1 Armour
 * Level 9.1 Shields
 + Level 3.8 Invocations
 + Level 3.3 Evocations


You had 9 spell levels left.
You didn't know any spells.
Your spell library contained the following spells:

 Spells                   Type           Power        Failure   Level
 Sandblast                Erth           #.....       99%         1
 Passwall                 Tmut/Erth      #.......     100%        2
 Stone Arrow              Conj/Erth      #.....       100%        3
 Petrify                  Tmut/Erth      #.......     100%        4
 Lee's Rapid Deconstruct  Erth           #.........   100%        5


Dungeon Overview and Level Annotations

Branches:
Dungeon (8/15)             Temple (1/1) D:6            Lair (0/6) D:8

Altars:
Ashenzari
Cheibriados
Dithmenos
Elyvilon
Fedhas
Gozag
Hepliaklqana
Kikubaaqudgha
Makhleb
Nemelex Xobeh
Okawaru
Qazlal
Ru
Sif Muna
Trog
Uskayaw
Vehumet
Wu Jian
Xom
Yredelemnul
Zin
The Shining One

Shops:
D:6 !=[}[

Annotations:
D:2 exclusion: oklob plant


Innate Abilities, Weirdness & Mutations

You are resistant to torment.
Your stone body is resilient. (AC +7)
You are immune to poison.
You resist negative energy. (rN+)
You are resistant to electric shocks. (rElec)
You can survive without breathing.
You are immune to petrification.
You are immune to rotting.


Message History

You feel like a meek peon again.
The phantom blinks!
You hit the boulder beetle but do no damage.
The boulder beetle is heavily wounded.
You block the boulder beetle's attack.
The boulder beetle stops rolling and uncurls.
You block the boulder beetle's attack.
You hit the boulder beetle but do no damage.
The boulder beetle is heavily wounded.
The phantom hits you but does no damage.
The boulder beetle bites you!!
* * * LOW HITPOINT WARNING * * *
You hit the boulder beetle but do no damage.
The boulder beetle is heavily wounded.
You block the phantom's attack. The boulder beetle barely misses you.
Unknown command.
It was a potion of brilliance.
You feel clever all of a sudden. You block the phantom's attack.
The boulder beetle bites you!!
You die...

...##.#.........####....#...#...#
..(##.........###.....#...#.#....
..# #####...###..###....#...#....
..# ###...###(##..####....#.#...>
..# #...###....#.#..####....#..#.
..# #.###......#†##...####..#.##.
..# #.#....##...)#.##...####..##.
..# #.###......#W#. ..##. ##..#.
..###.# ###....#@#. ..... ...#+
......# ###.##B#. ..#... #....
..##..# ###..###..°.### ..#..
..###.# ###.○B°°# # ###.. ..# #.#
##..### #. ### #.# #.....### .
#.# WBO.### #.# .. .#


You could see a boulder beetle and a phantom.

Vanquished Creatures
  A two-headed ogre (D:8)
  2 wyverns (D:8)
  A basilisk (D:8)
  4 water moccasins (D:8)
  3 ice beasts
  An orc warrior (D:7)
  6 black bears
  A necrophage (D:7)
  2 centaurs
  4 ogres
  2 wolves (D:8)
  2 scorpions
  3 killer bees
  24 wights
  A jelly (D:5)
  2 orc priests (D:3)
  3 hounds
  A gnoll shaman (D:3)
  2 iguanas
  4 orc wizards
  6 worker ants
  7 gnolls
  4 adders
  A white imp (D:6)
  2 ufetubi
  An ooze (D:3)
  An adder skeleton (D:5)
  A worm (D:2)
  A leopard gecko (D:1)
  19 orcs
  A ball python (D:1)
  2 bats (D:1)
  7 giant cockroaches
  4 goblins
  5 hobgoblins
  12 jackals
  6 kobolds
  3 frilled lizards
  A jackal skeleton (D:8)
  A jackal zombie (D:6)
  A leopard gecko zombie (D:7)
  8 rats
163 creatures vanquished.

Vanquished Creatures (others)
  A kobold (D:3)
  3 fungi (D:8)
  8 plants (D:8)
  9 toadstools (D:2)
21 creatures vanquished.

Grand Total: 184 creatures vanquished

Notes
Turn   | Place    | Note
-------+----------+-------------------------------------------
     0 | D:1      | timneilson the Gargoyle Fighter began the quest for the
                  | Orb.
     0 | D:1      | Reached XP level 1. HP: 14/14 MP: 1/1
   234 | D:1      | Reached XP level 2. HP: 16/19 MP: 2/2
   770 | D:2      | Reached XP level 3. HP: 23/23 MP: 3/3
   836 | D:2      | Found a blossoming altar of Fedhas.
   850 | D:2      | Noticed an oklob plant
  1803 | D:3      | Reached XP level 4. HP: 28/28 MP: 4/4
  1960 | D:3      | Reached XP level 5. HP: 23/33 MP: 5/5
  2145 | D:3      | Noticed a centaur
  2146 | D:3      | Killed a centaur
  2147 | D:3      | Reached XP level 6. HP: 38/38 MP: 6/6
  2273 | D:3      | Reached skill level 5 in Shields
  2708 | D:4      | Reached skill level 5 in Armour
  2863 | D:4      | Reached XP level 7. HP: 44/44 MP: 7/7
  3586 | D:5      | Entered Level 5 of the Dungeon
  4241 | D:5      | Reached XP level 8. HP: 31/48 MP: 8/8
  4485 | D:5      | Reached skill level 5 in Fighting
  5008 | D:5      | Reached skill level 5 in Long Blades
  5364 | D:6      | Found Iwatuig's Gadget Boutique.
  5371 | D:6      | Found Otrugh's Antique Armour Emporium.
  5440 | D:6      | Found a staircase to the Ecumenical Temple.
  5445 | Temple   | Entered the Ecumenical Temple
  5548 | Temple   | Became a worshipper of Warmaster Okawaru
  5642 | D:6      | Found Ojug's Distillery.
  5656 | D:6      | Reached skill level 1 in Evocations
  5849 | D:6      | Found Zaetapt's Antique Armour Emporium.
  5960 | D:6      | Found Doblafap's Jewellery Emporium.
  6315 | D:7      | Reached XP level 9. HP: 54/54 MP: 9/9
  6339 | D:7      | Reached skill level 1 in Invocations
  7054 | D:7      | Reached * piety under Okawaru
  7822 | D:8      | Reached ** piety under Okawaru
  7861 | D:8      | Reached XP level 10. HP: 33/61 MP: 12/12
  7957 | D:8      | Found a staircase to the Lair.
  8247 | D:8      | Noticed a two-headed ogre
  8265 | D:8      | Killed a two-headed ogre
  8265 | D:8      | Reached *** piety under Okawaru
  8536 | D:8      | Noticed a boulder beetle
  8570 | D:8      | Demolished by a boulder beetle

Illustrated notes

Levels and vault maps discovered:
D:1:      nicolae_arrival_memento_mori, layout_rooms, minmay_fountain_box
D:2:      minmay_alternating_diamond, layout_basic, tgw_fedhas
D:3:      layout_basic
D:4:      black_bear_nest_1, layout_loops_ring
D:5:      layout_gridville
D:6:      layout_cave_pods, temple_statues, serial_shops, shop,
          nicolae_shop_waterfront, shop, kennysheep_mini_moat,
          nicolae_shop_window_shopping, kennysheep_generic_room_14
D:7:      layout_gridville, glass_columns_a
D:8:      minmay_the_grid_triangle_9x9_rhombus_thin
          [minmay_the_grid_triangle_9x9_dagger,
          minmay_the_grid_triangle_9x9_prize_schism,
          minmay_the_grid_triangle_9x9_negative_grid,
          minmay_the_grid_triangle_9x9_swiss_cheese], layout_basic,
          minmay_lair_entry_grove
Temple:   kilobyte_greek_temple

Skill      XL: |  1  2  3  4  5  6  7  8  9 10 |
---------------+-------------------------------+-----
Long Blades    | 2 3 4 5 6 7 |  7.2
Shields        | 4 5 6 7 8 9 |  9.1
Armour         | 4 5 6 7 8 9 |  9.1
Fighting       | 4 5 6 |  6.8
Evocations     | 1 2 3 |  3.3
Invocations    | 3 |  3.8

Action                   |  1- 3 |  4- 6 |  7- 9 | 10-12 || total
-------------------------+-------+-------+-------+-------++-------
Melee: Long sword        |   120 |   117 |   565 |   140 ||   942
Invok: Heroism           |       |       |     2 |     6 ||     8
  Use: Scroll            |     8 |       |     7 |       ||    15
       Potion            |       |     2 |     5 |     1 ||     8
Armor: Scale mail        |    50 |    31 |       |       ||    81
       Chain mail        |       |     6 |   270 |    48 ||   324
Dodge: Dodged            |    43 |    32 |   113 |    26 ||   214
Block: Kite shield       |    66 |   116 |   616 |   117 ||   915
       Reflection        |       |     5 |     4 |       ||     9
       Rpst.: Long sword |    12 |     5 |    27 |     4 ||    48

Table legend: (Time is in decaauts)
 A = Elapsed time spent in this place.
 B = Non-inter-level travel time spent in this place.
 C = Inter-level travel time spent in this place.
 D = Time resting spent in this place.
 E = Time spent auto-exploring this place.
 F = Levels seen in this place.
 G = Mean time per level.
                   A        B        C        D        E       F      G
               +--------+--------+--------+--------+--------+-----+--------+
         Total |   8721 |   8351 |    370 |    705 |   5389 |   9 |  969.0 |
       Dungeon |   8575 |   8246 |    329 |    705 |   5302 |   8 | 1071.9 |
        Temple |    145 |    104 |     41 |      0 |     87 |   1 |  145.0 |
               +--------+--------+--------+--------+--------+-----+--------+

Top non-repeatable levels by time:
     D:5: 1441 daAuts
     D:4: 1253 daAuts
     D:6: 1207 daAuts
     D:7: 1173 daAuts
     D:2: 1164 daAuts
     D:3: 952 daAuts
     D:8: 771 daAuts
     D:1: 609 daAuts
  Temple: 145 daAuts
